 Dungeon Crawl Stone Soup version 0.29-a0-375-g5102b3be25 (webtiles) character file.

Game seed: 6809220158648643863

9675 chopper the Cleaver (level 11, -1/97 HPs)
             Began as a Minotaur Fighter on May 4, 2022.
             Was a Believer of Qazlal.
             Succumbed to Sonja's curare-tipped dart
             ... on level 11 of the Dungeon.
             The game lasted 00:59:21 (10242 turns).

chopper the Cleaver (Minotaur Fighter)             Turns: 10242, Time: 00:59:21

Health: -1/97      AC: 19    Str: 25    XL:     11   Next: 26%
Magic:  10/10      EV: 12    Int:  5    God:    Qazlal [**....]
Gold:   830        SH:  8    Dex: 10    Spells: 10/10 levels left

rFire   . . .      SeeInvis .   O - +5 war axe
rCold   . . .      Faith    .   c - +0 buckler
rNeg    . . .      Spirit   .   d - +1 plate armour
rPois   .          Reflect  .   (helmet restricted)
rElec   .          Harm     .   q - +2 cloak
rCorr   .          Rampage  .   (no gloves)
Will    .....                   (no boots)
Stlth   ..........              C - amulet of regeneration
HPRegen 1.06/turn               o - +4 ring of evasion
MPRegen 0.12/turn               (no ring)

@: lethally poisoned (-1 -> -8), about to teleport, hasted and slowed, studying
Bows
A: horns 2, retaliatory headbutt
a: Renounce Religion, Upheaval


You were on level 11 of the Dungeon.
You worshipped Qazlal.
Qazlal was pleased with you.
You visited 3 branches of the dungeon, and saw 14 of its levels.

You collected 830 gold pieces.

Inventory:

Hand Weapons
 a - a +1 morningstar of flaming
 s - a +0 hand crossbow
 x - a +4 spear of freezing
 B - a +3 short sword of freezing
 H - a +4 battleaxe of freezing
 O - a +5 war axe (weapon)
Missiles
 j - 3 javelins (quivered)
 n - 2 curare-tipped darts
 A - 15 poisoned darts
 L - 6 silver boomerangs
 M - 5 boomerangs
Armour
 c - a +0 buckler (worn)
 d - a +1 plate armour (worn)
 q - a +2 cloak (worn)
Jewellery
 o - a +4 ring of evasion (left hand)
 C - an amulet of regeneration (around neck)
Wands
 F - a wand of flame (19)
 I - a wand of paralysis (8)
 J - a wand of iceblast (5)
Scrolls
 e - 2 scrolls of fear {unknown}
 g - 3 scrolls of amnesia
 k - 5 scrolls of teleportation
 p - a scroll of silence {unknown}
 r - 2 scrolls of blinking {unknown}
 t - a scroll of torment {unknown}
 u - 3 scrolls of poison {unknown}
 v - a scroll of immolation {unknown}
 w - 3 scrolls of noise
 y - a scroll of summoning {unknown}
 E - 4 scrolls of magic mapping {unknown}
 G - 2 scrolls of fog {unknown}
 Q - a scroll of identify
Potions
 b - 2 potions of haste
 f - 2 potions of magic {unknown}
 h - 9 potions of curing
 i - 2 potions of heal wounds {unknown}
 l - 2 potions of attraction
 m - 3 potions of lignification
 z - 2 potions of flight {unknown}
 D - a potion of cancellation {unknown}
 K - a potion of berserk rage {unknown}
 N - a potion of degeneration {unknown}
 P - a potion of brilliance {unknown}
Miscellaneous
 R - a tin of tremorstones (1/2)


   Skills:
 + Level 9.2 Fighting
 + Level 13.5(13.8) Axes
 + Level 4.4(9.9) Polearms
 + Level 11.5 Armour
 + Level 3.0 Dodging
 + Level 1.0 Stealth
 + Level 7.4 Shields


You had 10 spell levels left.
You didn't know any spells.
Your spell library contained the following spells:

 Spells                   Type           Power      Damage    Failure   Level
 Foxfire                  Conj/Fire      0%         2x1d4     99%         1
 Pain                     Necr           0%         1d4       99%         1
 Conjure Flame            Conj/Fire      0%         6-21      100%        3
 Dazzling Flash           Conj/Hex       0%         N/A       100%        3
 Gell's Gravitas          Tloc           0%         N/A       100%        3
 Ignite Poison            Fire/Tmut/Pois 0%         N/A       100%        3
 Inner Flame              Hex/Fire       0%         N/A       100%        3
 Teleport Other           Tloc           0%         N/A       100%        3
 Animate Dead             Necr           0%         N/A       100%        4
 Flame Wave               Conj/Fire      0%         2d4       100%        4
 Sticky Flame             Conj/Fire      0%         2d3       100%        4
 Agony                    Necr           0%         N/A       100%        5
 Borgnjor's Vile Clutch   Necr/Erth      0%         N/A       100%        5
 Silence                  Hex/Air        0%         N/A       100%        5
 Death Channel            Necr           0%         N/A       100%        6
 Dispersal                Tloc           0%         N/A       100%        6


Dungeon Overview and Level Annotations

Branches:
Dungeon (11/15)            Temple (1/1) D:7             Orc (2/2) D:10
   Lair: D:8-11         Elf: Orc:2

Altars:
Ashenzari
Cheibriados
Dithmenos
Elyvilon
Fedhas
Gozag
Hepliaklqana
Makhleb
Nemelex Xobeh
Okawaru
Qazlal
Ru
Sif Muna
Trog
Uskayaw
Vehumet
Wu Jian
Xom
Yredelemnul
Zin
The Shining One
Beogh

Shops:
D:3 (

Annotations:
D:9 Amaemon
D:11 Sonja


Innate Abilities, Weirdness & Mutations

You have a pair of horns on your head.
You reflexively headbutt those who attack you in melee.


Message History

Sonja blinks!
The vampire mosquito barely misses you. You furiously retaliate!
You headbutt the vampire mosquito!
You destroy the vampire mosquito!
Qazlal accepts your kill.
You feel sick.
Sonja throws a curare-tipped dart.
The curare-tipped dart hits you.
You are more poisoned.
You have difficulty breathing.
You feel as though you will be slow longer.
The vampire mosquito closely misses you.
Sonja throws a curare-tipped dart.
The curare-tipped dart hits you.
You are more poisoned.
You have difficulty breathing.
* * * LOW HITPOINT WARNING * * *
You feel as though you will be slow longer.
As you read the scroll of teleportation, it crumbles to dust.
You feel strangely unstable.
* * * LOW HITPOINT WARNING * * *
You feel extremely sick.
The vampire mosquito bites you but does no damage.
Sonja throws a curare-tipped dart.
You block the curare-tipped dart.
The vampire mosquito bites you but does no damage.
Sonja gestures wildly while chanting.
Sonja blinks!
The vampire mosquito bites you!
* * * LOW HITPOINT WARNING * * *
The vampire mosquito draws strength from your injuries!
Unknown command.
It was a potion of haste.
You feel yourself speed up.
* * * LOW HITPOINT WARNING * * *
You feel very sick.
The vampire mosquito bites you but does no damage.
You block the vampire mosquito's attack.
The vampire mosquito bites you but does no damage.
The acid dragon bites you but does no damage.
The acid dragon claws you but does no damage.
The tremorstone explodes into fragments!
The burst of rock shards engulfs the vampire mosquito!
The burst of rock shards engulfs the acid dragon!
The burst of rock shards engulfs you but does no damage.
You die...

.# .# .# .# #.# ..#
#.##############..#
##########..................
.................D†..K......
........<......°@y..........
####################..#####
#..# #..# #K.# ####
############.D###### ....
.................... ....
.................... ....
....................


You could see Sonja, an acid dragon and a vampire mosquito.

Vanquished Creatures
  Erica (D:10)
  Pikel (D:8)
  Joseph (D:9)
  Maggie (D:10)
  Psyche (D:8)
  2 hornets
  2 trolls
  A shadow (D:9)
  A vampire (D:10)
  A wraith (D:9)
  3 yaks (D:9)
  Grum (D:9)
  3 steam dragons
  A warg (Orc:2)
  2 vampire mosquitoes (D:11)
  6 water moccasins
  2 orc warriors
  An ice beast (D:6)
  3 sky beasts (D:6)
  4 centaurs
  8 wolves
  A phantom (D:7)
  2 kobold brigands
  2 lemures
  A bullfrog (D:8)
  3 necrophages
  A gnoll sergeant (D:8)
  3 scorpions
  17 wights
  14 killer bees
  3 howler monkeys
  3 jellies
  3 hounds
  3 orc priests
  A gnoll shaman (D:10)
  4 iguanas
  5 orc wizards
  2 adders
  7 gnolls
  A shadow imp (D:5)
  An ufetubus (D:6)
  4 worms
  2 dart slugs
  14 orcs
  3 ball pythons
  5 bats
  3 endoplasms (D:2)
  3 giant cockroaches
  6 goblins
  4 hobgoblins
  6 jackals
  A quokka (D:2)
  A frilled lizard (D:3)
  19 kobolds
  9 rats
203 creatures vanquished.

Vanquished Creatures (others)
  3 fungi
  18 plants
21 creatures vanquished.

Grand Total: 224 creatures vanquished

Notes
Turn   | Place    | Note
-------+----------+-------------------------------------------
     0 | D:1      | chopper the Minotaur Fighter began the quest for the Orb.
     0 | D:1      | Reached XP level 1. HP: 19/19 MP: 0/0
   201 | D:1      | Reached XP level 2. HP: 27/27 MP: 1/1
   817 | D:2      | Reached skill level 3 in Axes
   817 | D:2      | Reached XP level 3. HP: 33/33 MP: 2/2
  1647 | D:3      | Reached XP level 4. HP: 40/40 MP: 3/3
  1690 | D:3      | Found a faded altar of an unknown god.
  1711 | D:3      | Got Plato's Almanac of Stolen Souls
  2318 | D:3      | Found Uhoyfiud's Weapon Shoppe.
  2642 | D:4      | Reached skill level 4 in Axes
  2642 | D:4      | Reached skill level 1 in Dodging
  2642 | D:4      | Reached XP level 5. HP: 47/47 MP: 4/4
  3374 | D:5      | Entered Level 5 of the Dungeon
  3395 | D:4      | HP: 3/69 [necrophage (4)]
  3395 | D:4      | HP: 1/67 [necrophage (2)]
  3397 | D:4      | Reached skill level 5 in Axes
  3397 | D:4      | Reached skill level 5 in Armour
  3397 | D:4      | Reached XP level 6. HP: 2/53 MP: 5/5
  3901 | D:5      | Found a white marble altar of Elyvilon.
  3934 | D:5      | Noticed a water moccasin
  3948 | D:5      | Killed a water moccasin
  4128 | D:5      | You fall into a shaft and drop 3 floors!
  4185 | D:7      | Noticed a steam dragon
  4195 | D:7      | Found a staircase to the Ecumenical Temple.
  4209 | D:6      | Noticed a sky beast
  4209 | D:6      | Noticed a water moccasin
  4217 | D:6      | Killed a water moccasin
  4218 | D:6      | Reached XP level 7. HP: 18/60 MP: 6/6
  4230 | D:6      | Reached skill level 6 in Axes
  4512 | D:6      | Reached skill level 5 in Fighting
  4988 | D:6      | Found a shimmering altar of Xom.
  5083 | D:6      | Reached skill level 5 in Shields
  5114 | D:6      | Reached skill level 7 in Axes
  5303 | D:6      | Reached XP level 8. HP: 69/69 MP: 7/7
  5686 | D:7      | Reached skill level 8 in Axes
  5796 | D:7      | Noticed Pikel
  5818 | D:8      | Killed Pikel
  5819 | D:8      | Reached skill level 9 in Axes
  5819 | D:8      | Reached XP level 9. HP: 76/78 MP: 8/8
  5990 | Temple   | Entered the Ecumenical Temple
  6738 | D:8      | Reached skill level 10 in Axes
  7091 | D:8      | Noticed Psyche
  7100 | D:8      | Killed Psyche
  7125 | D:8      | Reached skill level 11 in Axes
  7206 | D:8      | Found a stormy altar of Qazlal.
  7247 | D:8      | Found a blossoming altar of Fedhas.
  7250 | D:8      | Became a worshipper of Qazlal Stormbringer
  7512 | D:9      | Noticed Grum
  7608 | D:9      | Reached XP level 10. HP: 73/88 MP: 9/9
  7643 | D:9      | Killed Grum
  7644 | D:9      | Reached skill level 1 in Polearms
  7909 | D:9      | Reached skill level 12 in Axes
  7931 | D:9      | Noticed an orange demon
  7931 | D:9      | Noticed Amaemon
  8080 | D:9      | Found a hide-covered altar of Uskayaw.
  8100 | D:9      | Reached skill level 10 in Armour
  8137 | D:9      | Found a radiant altar of Vehumet.
  8183 | D:9      | Found a shadowy altar of Dithmenos.
  8225 | D:9      | Paralysed by a hornet for 3 turns
  8236 | D:9      | Paralysed by a hornet for 1 turns
  8405 | D:9      | Reached * piety under Qazlal
  8519 | D:9      | Noticed Joseph
  8531 | D:9      | Killed Joseph
  8851 | D:10     | Entered Level 10 of the Dungeon
  8907 | D:10     | Noticed Maggie
  8953 | D:10     | Killed Maggie
  9353 | D:10     | Noticed Erica
  9361 | D:10     | Killed Erica
  9362 | D:10     | Reached skill level 13 in Axes
  9362 | D:10     | Reached XP level 11. HP: 65/95 MP: 10/10
  9442 | D:10     | Found a staircase to the Orcish Mines.
  9852 | Orc:1    | Entered Level 1 of the Orcish Mines
 10017 | Orc:2    | Entered Level 2 of the Orcish Mines
 10030 | Orc:2    | Noticed a centaur warrior
 10037 | Orc:1    | Reached ** piety under Qazlal
 10210 | D:11     | Noticed Sonja
 10215 | D:11     | Reached skill level 1 in Stealth
 10241 | D:11     | HP: 2/97 [poisoned by Sonja (curare-tipped dart)]
 10242 | D:11     | Succumbed to Sonja's curare-tipped dart

Illustrated notes

Levels and vault maps discovered:
D:1:      dpeg_arrival_court, layout_rooms, serial_corexii_hall,
          corexii_hall_statues_l, chequers_hall_statues_corner_a,
          corexii_hall_statues_i, corexii_hall_statues_i
D:2:      layout_basic
D:3:      layout_basic, shapermc_ecumenical_altar_rom_forum, serial_shops,
          nicolae_shop_bloodbath_and_beyond
D:4:      layout_loops_cross, corexii_leaking_fountain
D:5:      layout_loops_ring, mainiacjoe_overflow_boulevard,
          lemuel_mausoleum_altar_kikubaaqudgha
D:6:      layout_layer_cave, amcnicky_altar_gilded, minmay_parallelograms,
          kennysheep_generic_room_14
D:7:      layout_cave_pools, minmay_temple_entry_junction,
          lightli_ossuary_entry_decrepit_ruins, uniq_pikel
D:8:      layout_basic, grunt_temple_overflow_forces_of_nature, uniq_psyche
D:9:      layout_roguey, minmay_overflow_temple_star_quad, wad_dig_loot,
          uniq_joseph, uniq_amaemon, uniq_grum
D:10:     layout_roguey, orc_0_dummy, eino_jars, uniq_maggie, uniq_erica
D:11:     layout_long_grid, minmay_lair_entry_grove, uniq_sonja
Temple:   jpeg_temple_clearing
Orc:1:    layout_caves, basic_altar, special_room [special_room_orc],
          nicolae_orc_damp_corner
Orc:2:    st_orc_rangers, layout_caves

Skill      XL: |  1  2  3  4  5  6  7  8  9 10 11 |
---------------+----------------------------------+-----
Shields        | 4 5 6 7 |  7.4
Fighting       | 4 5 6 7 8 9 |  9.2
Armour         | 4 5 6 7 8 9 11 | 11.5
Axes           | 3 4 5 7 9 11 13 | 13.5
Dodging        | 1 2 3 |  3.0
Polearms       | 4 |  4.4
Stealth        | 1 |  1.0

Action                   |  1- 3 |  4- 6 |  7- 9 | 10-12 || total
-------------------------+-------+-------+-------+-------++-------
Melee: War axe           |    61 |    81 |   202 |   209 ||   553
       Headbutt          |    11 |     9 |    32 |    35 ||    87
       Spear             |       |       |       |    40 ||    40
 Fire: Hand crossbow     |       |       |       |     1 ||     1
Throw: Javelin           |       |       |       |     2 ||     2
Evoke: Tin of tremorston |       |       |       |     1 ||     1
  Use: Scroll            |       |     7 |     2 |     4 ||    13
       Potion            |       |     2 |     2 |     1 ||     5
Armor: Scale mail        |    53 |    27 |       |       ||    80
       Skin              |       |     4 |       |       ||     4
       Plate armour      |       |     5 |   155 |   119 ||   279
Dodge: Dodged            |    51 |    70 |   134 |   145 ||   400
Block: Buckler           |    19 |    22 |    69 |    92 ||   202

Table legend: (Time is in decaauts)
 A = Elapsed time spent in this place.
 B = Non-inter-level travel time spent in this place.
 C = Inter-level travel time spent in this place.
 D = Time resting spent in this place.
 E = Time spent auto-exploring this place.
 F = Levels seen in this place.
 G = Mean time per level.
                   A        B        C        D        E       F      G
               +--------+--------+--------+--------+--------+-----+--------+
         Total |  10301 |  10301 |      0 |   1457 |      0 |  14 |  735.8 |
       Dungeon |   9921 |   9921 |      0 |   1457 |      0 |  11 |  901.9 |
        Temple |    170 |    170 |      0 |      0 |      0 |   1 |  170.0 |
  Orcish Mines |    209 |    209 |      0 |      0 |      0 |   2 |  104.5 |
               +--------+--------+--------+--------+--------+-----+--------+

Top non-repeatable levels by time:
     D:6: 1436 daAuts
     D:4: 1395 daAuts
     D:8: 1326 daAuts
     D:9: 1202 daAuts
     D:3: 911 daAuts
    D:10: 907 daAuts
     D:2: 843 daAuts
     D:1: 739 daAuts
     D:7: 703 daAuts
     D:5: 288 daAuts
   Orc:1: 191 daAuts
  Temple: 170 daAuts
    D:11: 166 daAuts
   Orc:2: 18 daAuts
